 Dungeon Crawl Stone Soup version 0.23-a0-319-gb40ba49 (webtiles) character file.

4489 epen the Carver (level 10, -6/82 HPs)
             Began as a Gnoll Berserker on Oct 14, 2018.
             Was an Elder of Trog.
             Mangled by a death yak (23 damage)
             ... on level 8 of the Dungeon.
             The game lasted 00:11:28 (7173 turns).

epen the Carver (Gnoll Berserker)                   Turns: 7173, Time: 00:11:29

Health: -6/82      AC: 10    Str: 22    XL:     10   Next: 38%
Magic:  17/17      EV: 15    Int: 10    God:    Trog [****..]
Gold:   173        SH:  0    Dex: 15    Spells: 19/19 levels left

rFire    . . .     SeeInvis .   y - +3 hand axe (freeze)
rCold    . . .     Gourm    .   (no shield)
rNeg     . . .     Faith    .   p - +1 ring mail
rPois    .         Spirit   .   (no helmet)
rElec    .         Reflect  .   (no cloak)
rCorr    .         Harm     .   o - +2 pair of gloves
MR       .....                  (no boots)
Stlth    +++.......             (no amulet)
HPRegen  0.23/turn              k - ring of stealth
MPRegen  0.15/turn              (no ring)

@: about to teleport, berserk cooldown, slowed, very slow
A: distributed training, fangs 1, strong nose
a: Berserk, Trog's Hand, Brothers in Arms, Renounce Religion


You were on level 8 of the Dungeon.
You worshipped Trog.
Trog was greatly pleased with you.
You were near starving.

You visited 1 branch of the dungeon, and saw 8 of its levels.

You collected 281 gold pieces.
You spent 108 gold pieces at shops.

Inventory:

Hand Weapons
 a - a +1 falchion
 w - a cursed +0 great sword
 y - a +3 hand axe of freezing (weapon)
 z - a +2 flail of holy wrath
 B - a +1 dagger of venom
Armour
 b - a +0 animal skin
 l - a +0 pair of gloves
 o - a +2 pair of gloves (worn)
 p - a +1 ring mail (worn)
Jewellery
 k - a ring of stealth (left hand)
Wands
 A - a wand of paralysis (17)
Scrolls
 e - 8 scrolls of teleportation
 g - 3 scrolls of remove curse
 j - 2 scrolls of enchant weapon
 n - 2 scrolls of immolation
 t - a scroll of enchant armour
 x - a scroll of vulnerability {unknown}
 E - 2 scrolls of identify
Potions
 d - 4 potions of curing
 f - 2 potions of ambrosia
 h - a potion of lignification
 i - 3 potions of brilliance
 m - a potion of haste {unknown}
 r - a potion of cancellation
 s - 2 potions of mutation {unknown}
 u - a potion of agility {unknown}
 v - 5 potions of heal wounds
 C - a potion of resistance {unknown}
 F - a potion of magic {unknown}
Comestibles
 c - 7 rations


   Skills:
 + Level 8.4 Fighting
 + Level 5.1 Short Blades
 + Level 8.4 Long Blades
 + Level 5.1 Axes
 + Level 5.1 Maces & Flails
 + Level 5.1 Polearms
 + Level 5.1 Staves
 + Level 5.1 Slings
 + Level 5.1 Bows
 + Level 5.1 Crossbows
 + Level 5.1 Throwing
 + Level 7.0 Armour
 + Level 7.0 Dodging
 + Level 5.1 Stealth
 + Level 5.1 Shields
 + Level 5.1 Unarmed Combat
 + Level 5.1 Spellcasting
 + Level 4.2 Conjurations
 + Level 4.2 Hexes
 + Level 4.2 Charms
 + Level 4.2 Summonings
 + Level 4.2 Necromancy
 + Level 4.2 Translocations
 + Level 4.2 Transmutations
 + Level 4.2 Fire Magic
 + Level 4.2 Ice Magic
 + Level 4.2 Air Magic
 + Level 4.2 Earth Magic
 + Level 4.2 Poison Magic
 + Level 5.6 Invocations
 + Level 5.1 Evocations


You had 19 spell levels left.
You didn't know any spells.
Your spell library was empty.

Dungeon Overview and Level Annotations

Branches:
Dungeon (7/15)             Temple (0/1) D:6            Lair (0/6) D:8

Altars:
Cheibriados
Gozag
Hepliaklqana
Makhleb
Nemelex Xobeh
Uskayaw
Vehumet
Xom
The Shining One

Shops:
D:7 ?

Annotations:
D:6 1 exclusion


Innate Abilities, Weirdness & Mutations

Your experience applies equally to all skills.
You have very sharp teeth.
Your uncanny sense of smell can sniff out nearby items.


Message History

The death yak is lightly wounded.
You slash the death yak! You freeze the death yak.
The death yak is moderately wounded.
You hit the death yak. You freeze the death yak.
You are no longer berserk.
You are exhausted.
You feel yourself slow down. The death yak gores you.
The death yak closely misses you.
As you read the scroll of teleportation, it crumbles to dust.
You feel strangely unstable. The death yak misses you. x2
As you read the scroll of fear, it crumbles to dust.
You assume a fearsome visage.
The death yak resists with almost no effort.
The death yak looks frightened! x2; The bullfrog skeleton is unaffected.
The death yak gores you!!
* * * LOW HITPOINT WARNING * * *
The bullfrog skeleton hits you.
* * * LOW HITPOINT WARNING * * *
The death yak gores you!!
You die...

#####.##### #.....#
.# #####.#######.##
#.....##...#
#.....##...#
#......#...
#......#..#
###......#..###
#.....##.#@Y..##
#.....##.#Z###.#
#.....##.Y.Y...#
#..........†.#.#
#.........Y......
#.##.........#.##..
###.####...#'#.#...
.# #.>........#.#.#
#.. #
#...#........#.#
...


You could see 4 death yaks and a bullfrog skeleton.

Vanquished Creatures
  2 death yaks (D:8)
  A hippogriff (D:7)
  A hungry ghost (D:6)
  Duvessa (D:7)
  A hornet zombie (D:6)
  A sky beast (D:6)
  4 ogres
  2 centaurs
  3 bullfrogs (D:6)
  A wyvern zombie (D:6)
  Dowan (D:7)
  11 wights
  3 crimson imps
  A quasit (D:6)
  4 hounds
  2 jellies
  2 bullfrog skeletons
  2 orc priests (D:4)
  A centaur skeleton (D:4)
  An iguana (D:4)
  Natasha (twice) (D:3)
  Terence (D:3)
  4 orc wizards
  5 worker ants
  A killer bee zombie (D:7)
  A worker ant zombie (D:6)
  7 adders
  3 gnolls (D:6)
  A hound simulacrum (D:8)
  2 shadow imps
  An ooze (D:4)
  3 worms
  2 dart slugs
  2 leopard geckos
  20 orcs
  3 giant cockroaches
  10 goblins
  8 hobgoblins
  13 jackals
  11 kobolds
  5 quokkas
  A ball python (D:3)
  7 bats
  5 frilled lizards
  2 quokka skeletons
  A quokka zombie (D:5)
  7 rats
173 creatures vanquished.

Vanquished Creatures (collateral kills)
  A death yak (D:8)
1 creature vanquished.

Grand Total: 174 creatures vanquished

Notes
Turn   | Place    | Note
-------+----------+-------------------------------------------
     0 | D:1      | epen the Gnoll Berserker began the quest for the Orb.
     0 | D:1      | Reached XP level 1. HP: 23/23 MP: 1/1
   118 | D:1      | Reached XP level 2. HP: 14/29 MP: 2/2
   517 | D:1      | Reached XP level 3. HP: 24/35 MP: 3/3
   924 | D:2      | Reached skill level 1 in Invocations
   939 | D:2      | Reached ** piety under Trog
   939 | D:2      | Reached skill level 1 in Short Blades
   939 | D:2      | Reached skill level 1 in Axes
   939 | D:2      | Reached skill level 1 in Maces & Flails
   939 | D:2      | Reached skill level 1 in Polearms
   939 | D:2      | Reached skill level 1 in Staves
   939 | D:2      | Reached skill level 1 in Slings
   939 | D:2      | Reached skill level 1 in Bows
   939 | D:2      | Reached skill level 1 in Crossbows
   939 | D:2      | Reached skill level 1 in Throwing
   939 | D:2      | Reached skill level 1 in Stealth
   939 | D:2      | Reached skill level 1 in Shields
   939 | D:2      | Reached skill level 1 in Unarmed Combat
   939 | D:2      | Reached skill level 1 in Spellcasting
   939 | D:2      | Reached skill level 1 in Evocations
  1266 | D:2      | Reached XP level 4. HP: 40/41 MP: 5/5
  1326 | D:2      | namelastname112: !lg won epen gn s=class
  1363 | D:2      | beem: No keyword 'epen'
  1418 | D:2      | namelastname112: !lg epen won gn s=class
  1418 | D:2      | beem: 3 games for epen (won gn): Fighter, Monk, Transmuter
  1536 | D:2      | Reached skill level 1 in Conjurations
  1536 | D:2      | Reached skill level 1 in Hexes
  1536 | D:2      | Reached skill level 1 in Charms
  1536 | D:2      | Reached skill level 1 in Summonings
  1536 | D:2      | Reached skill level 1 in Necromancy
  1536 | D:2      | Reached skill level 1 in Translocations
  1536 | D:2      | Reached skill level 1 in Transmutations
  1536 | D:2      | Reached skill level 1 in Fire Magic
  1536 | D:2      | Reached skill level 1 in Ice Magic
  1536 | D:2      | Reached skill level 1 in Air Magic
  1536 | D:2      | Reached skill level 1 in Earth Magic
  1536 | D:2      | Reached skill level 1 in Poison Magic
  1582 | D:2      | Reached XP level 5. HP: 45/47 MP: 5/7
  1734 | D:2      | Found a glowing golden altar of the Shining One.
  1783 | D:2      | Found a burning altar of Makhleb.
  1808 | D:2      | Found a hazy altar of Hepliaklqana.
  2038 | D:3      | Noticed Terence
  2049 | D:3      | Killed Terence
  2095 | D:3      | Found an opulent altar of Gozag.
  2323 | D:3      | Noticed Natasha
  2327 | D:3      | Killed Natasha
  2567 | D:3      | Noticed Natasha
  2577 | D:3      | Killed Natasha
  2577 | D:3      | Reached XP level 6. HP: 48/53 MP: 8/8
  2872 | D:4      | Reached *** piety under Trog
  2928 | D:4      | Reached skill level 5 in Armour
  2928 | D:4      | Reached skill level 5 in Dodging
  3209 | D:4      | Reached XP level 7. HP: 59/59 MP: 10/10
  3914 | D:5      | Entered Level 5 of the Dungeon
  4167 | D:5      | namelastname112: !lg namelastname112 won fe-- s=class
  4175 | D:5      | beem: 7 games for namelastname112 (won fe--): 2x
                  | Transmuter, Artificer, Berserker, Chaos Knight, Monk,
                  | Warper
  4329 | D:5      | Reached XP level 8. HP: 41/67 MP: 12/12
  4936 | D:5      | Found a shimmering altar of Xom.
  4936 | D:5      | Found a snail-covered altar of Cheibriados.
  5495 | D:6      | Found a staircase to the Ecumenical Temple.
  5591 | D:6      | Reached XP level 9. HP: 70/72 MP: 14/14
  5692 | D:6      | Reached **** piety under Trog
  5799 | D:6      | Found a radiant altar of Vehumet.
  5805 | D:6      | Found a sparkling altar of Nemelex Xobeh.
  6139 | D:7      | Noticed Duvessa
  6186 | D:7      | Noticed Dowan
  6194 | D:7      | Killed Duvessa
  6202 | D:7      | Killed Dowan
  6343 | D:7      | Found a hide-covered altar of Uskayaw.
  6681 | D:7      | Found Viliud's Magic Scroll Shoppe.
  6689 | D:7      | Bought a scroll of teleportation for 36 gold pieces
  6689 | D:7      | Bought a scroll of teleportation for 36 gold pieces
  6689 | D:7      | Bought a scroll of teleportation for 36 gold pieces
  6755 | D:7      | Reached skill level 5 in Invocations
  6938 | D:7      | You fall through a shaft!
  6938 | D:8      | Found a staircase to the Lair.
  6938 | D:8      | Noticed a death yak
  6938 | D:8      | Noticed a death yak
  6938 | D:8      | Noticed a death yak
  6971 | D:8      | Killed a death yak
  6971 | D:8      | Reached XP level 10. HP: 80/80 MP: 15/17
  7148 | D:8      | Noticed a death yak
  7149 | D:8      | Noticed a death yak
  7154 | D:8      | Noticed a death yak
  7154 | D:8      | Noticed a death yak
  7154 | D:8      | Noticed a death yak
  7156 | D:8      | Killed a death yak
  7156 | D:8      | Reached skill level 5 in Short Blades
  7156 | D:8      | Reached skill level 5 in Axes
  7156 | D:8      | Reached skill level 5 in Maces & Flails
  7156 | D:8      | Reached skill level 5 in Polearms
  7156 | D:8      | Reached skill level 5 in Staves
  7156 | D:8      | Reached skill level 5 in Slings
  7156 | D:8      | Reached skill level 5 in Bows
  7156 | D:8      | Reached skill level 5 in Crossbows
  7156 | D:8      | Reached skill level 5 in Throwing
  7156 | D:8      | Reached skill level 5 in Stealth
  7156 | D:8      | Reached skill level 5 in Shields
  7156 | D:8      | Reached skill level 5 in Unarmed Combat
  7156 | D:8      | Reached skill level 5 in Spellcasting
  7156 | D:8      | Reached skill level 5 in Evocations
  7169 | D:8      | Killed a death yak
  7173 | D:8      | Mangled by a death yak

Vault maps used:
D:1:      lightli_arrival_boilingwater
D:2:      nicolae_overflow_hidden_temple, bloody_makhleb,
          nicolae_tso_swordbearing_angel, serial_bayou_ford_a
D:3:      nicolae_gozag_cash_rules_everything_around_me, minmay_misc_feat_doors,
          kennysheep_generic_room_16, uniq_terence, uniq_natasha
D:4:      first_ration
D:5:      gammafunk_temple_overflow_pools
D:6:      minitemple, minmay_temple_entry_large_hall, centaur_isle
D:7:      corexii_shack_village, overflow_temple_1_default, serial_shops, shop,
          uniq_duvessa
D:8:      led_sif_book, dpeg_lair_monsters, serial_ice, serial_ice_c,
          serial_ice_e, serial_ice_a, serial_ice_i, serial_ice_h, serial_ice_d,
          serial_shops, shop, basic_altar, hangedman_ranch, nrook_pool_corridor,
          grunt_ministairs_7, uniq_gastronok, uniq_psyche

Skill      XL: |  1  2  3  4  5  6  7  8  9 10 |
---------------+-------------------------------+-----
Invocations    | 1 2 3 4 5 |  5.6
Short Blades   | 1 2 3 4 5 |  5.1
Axes           | 1 2 3 4 5 |  5.1
Maces & Flails | 1 2 3 4 5 |  5.1
Polearms       | 1 2 3 4 5 |  5.1
Staves         | 1 2 3 4 5 |  5.1
Slings         | 1 2 3 4 5 |  5.1
Bows           | 1 2 3 4 5 |  5.1
Crossbows      | 1 2 3 4 5 |  5.1
Throwing       | 1 2 3 4 5 |  5.1
Stealth        | 1 2 3 4 5 |  5.1
Shields        | 1 2 3 4 5 |  5.1
Unarmed Combat | 1 2 3 4 5 |  5.1
Spellcasting   | 1 2 3 4 5 |  5.1
Evocations     | 1 2 3 4 5 |  5.1
Conjurations   | 1 2 3 4 |  4.2
Hexes          | 1 2 3 4 |  4.2
Charms         | 1 2 3 4 |  4.2
Summonings     | 1 2 3 4 |  4.2
Necromancy     | 1 2 3 4 |  4.2
Translocations | 1 2 3 4 |  4.2
Transmutations | 1 2 3 4 |  4.2
Fire Magic     | 1 2 3 4 |  4.2
Ice Magic      | 1 2 3 4 |  4.2
Air Magic      | 1 2 3 4 |  4.2
Earth Magic    | 1 2 3 4 |  4.2
Poison Magic   | 1 2 3 4 |  4.2
Armour         | 5 6 7 |  7.0
Dodging        | 5 6 7 |  7.0
Fighting       | 7 8 |  8.4
Long Blades    | 7 8 |  8.4

Action                   |  1- 3 |  4- 6 |  7- 9 | 10-12 || total
-------------------------+-------+-------+-------+-------++-------
Melee: Falchion          |    66 |   155 |    94 |       ||   315
       Bite              |     9 |    27 |    42 |     2 ||    80
       Punch             |     1 |     4 |     9 |     1 ||    15
       Hand axe          |       |       |   219 |    17 ||   236
Invok: Berserk           |     1 |     2 |     6 |     1 ||    10
       Brothers in Arms  |       |       |       |     1 ||     1
Evoke: Wand              |       |       |     2 |       ||     2
  Use: Scroll            |       |    11 |     7 |     2 ||    20
 Stab: Sleeping          |     2 |    10 |     8 |       ||    20
  Eat: Chunk             |     2 |     3 |    14 |     1 ||    20
       Ration            |       |     1 |     3 |       ||     4
Armor: Animal skin       |    15 |       |       |       ||    15
       Ring mail         |       |    53 |   101 |       ||   154
Dodge: Dodged            |    59 |    82 |   227 |    10 ||   378
       Rpst.: Falchion   |    22 |    24 |    21 |       ||    67

Table legend:
 A = Non-vault XP
 B = Vault XP
 C = Vault XP percentage of total XP
 D = Non-vault monster count
 E = Vault monster count
 F = Vault count percentage of total count
                 A         B        C        D         E       F
            +---------+---------+-------+---------+---------+-------
      Total |    3870 |    2544 |  39.7 |     155 |      19 |  10.9
            +---------+---------+-------+---------+---------+-------
        D:1 |      35 |       0 |   0.0 |      20 |       0 |   0.0
        D:2 |     157 |       0 |   0.0 |      29 |       0 |   0.0
        D:3 |      76 |      72 |  48.6 |      20 |       2 |   9.1
        D:4 |     633 |       0 |   0.0 |      26 |       0 |   0.0
        D:5 |     844 |       0 |   0.0 |      19 |       0 |   0.0
        D:6 |    1334 |       0 |   0.0 |      24 |       0 |   0.0
        D:7 |     791 |     246 |  23.7 |      17 |      13 |  43.3
        D:8 |       0 |    2226 | 100.0 |       0 |       4 | 100.0
            +---------+---------+-------+---------+---------+-------
